Map: Year Zero LE

Players

TLO

  • Race: Zerg Zerg
  • Spawn Location: 1:00

SKillous - Winner!

  • Race: Protoss Protoss
  • Spawn Location: 11:00

Event: 2019 WCS Spring

VOD

Have the link to the VOD?

Description

Time

  • Played on: May 18, 2019, 6:49 a.m.
  • Length: 14:12

All games in this series

Show
View Real Time Build Order
Export as new Build Order

TLO Zerg 

Build Orders: 3 Hatch before Pool 

Get SALT Encoding   

  12  0:00  Drone  
  13  0:12  Overlord  
  13  0:17  Drone  
  14  0:31  Drone x2  
  16  0:49  Hatchery  
  15  0:52  Drone  
  15  0:56  Drone  
  17  1:00  Drone  
  18  1:21  Hatchery  
  18  1:25  Drone  
  18  1:27  Drone  
  19  1:34  Extractor  
  18  1:42  Spawning Pool  
  18  1:44  Drone  
  18  1:47  Drone  
  18  1:51  Drone  
  20  2:02  Drone x2  
  22  2:11  Drone  
  22  2:12  Drone  
  24  2:29  Queen x2  
  28  2:33  Queen  
  28  2:36  Overlord  
  30  2:40  Drone  
  30  2:43  Drone  
  30  2:44  Drone  
  33  2:47  Drone  
  34  2:51  Overlord  
  34  2:55  Drone  
  34  2:57  Drone  
  36  3:00  Drone  
  36  3:02  Zergling x2  
  38  3:07  Overlord  
  38  3:09  Drone  
  38  3:10  Drone  
  38  3:11  Drone  
  41  3:17  Lair  
  41  3:20  Drone  
  41  3:21  Drone  
  43  3:28  Roach Warren  
  43  3:29  Drone  
  43  3:30  Extractor  
  43  3:31  Drone  
  43  3:33  Drone  
  44  3:35  Drone  
  44  3:36  Drone  
  44  3:39  Zergling x2  
  47  3:45  Drone x2  
  47  3:47  Drone  
  50  3:50  Drone  
  50  3:51  Drone  
  50  3:54  Overlord  
  52  4:03  Overlord  
  52  4:05  Drone  
  52  4:06  Overlord  
  52  4:08  Overlord x2  
  52  4:09  Overlord  
  53  4:11  Extractor  
  53  4:12  Overlord  
  53  4:15  Roach  
  53  4:16  Glial Reconstitution  
  54  4:19  Overseer  
  54  4:21  Roach  
  54  4:23  Roach  
  58  4:26  Roach  
  58  4:29  Roach  
  58  4:30  Drone  
  63  4:36  Roach  
  65  4:38  Evolution Chamber  
  65  4:40  Evolution Chamber  
  65  4:42  Evolution Chamber  
  65  4:45  Roach  
  64  4:48  Roach  
  64  4:51  Roach  
  69  4:53  Roach  
  69  4:54  Roach  
  69  4:58  Roach  
  73  5:00  Roach  
  73  5:04  Roach  
  73  5:06  Zerg Missile Weapons Level 1  
  76  5:07  Drone  
  76  5:10  Evolution Chamber  
  76  5:12  Drone  
  76  5:13  Overlord  
  77  5:15  Drone  
  77  5:17  Drone  
  77  5:20  Zerg Ground Armor Level 1  
  80  5:22  Drone  
  80  5:26  Roach  
  80  5:27  Evolution Chamber  
  81  5:29  Drone  
  81  5:33  Drone x3  
  81  5:34  Drone  
  81  5:35  Drone  
  88  5:36  Drone  
  88  5:37  Drone  
  88  5:38  Drone  
  88  5:40  Overseer  
  91  5:43  Roach  
  91  5:47  Roach  
  91  5:48  Drone  
  94  5:51  Drone  
  94  5:54  Drone  
  94  5:57  Drone  
  93  6:02  Roach  
  92  6:05  Roach  
  92  6:06  Roach  
  92  6:08  Drone  
  92  6:09  Drone  
  94  6:13  Roach  
  94  6:16  Extractor  
  94  6:18  Roach  
  95  6:22  Roach  
  95  6:23  Roach x2, Drone  
  98  6:25  Drone  
  98  6:26  Drone  
  98  6:28  Drone  
  98  6:30  Drone x2  
  97  6:34  Roach  
  97  6:36  Roach x2  
  99  6:40  Extractor x2  
  99  6:41  Drone x2  
  99  6:45  Drone  
  99  6:46  Drone x3  
  101  6:50  Drone  
  101  6:51  Drone  
  101  6:52  Drone  
  101  6:54  Drone  
  103  7:01  Drone  
  103  7:04  Hydralisk Den, Drone x2  
  103  7:08  Roach, Drone  
  105  7:10  Drone  
  105  7:13  Drone  
  105  7:15  Roach, Spire  
  110  7:17  Overseer  
  110  7:19  Drone  
  110  7:20  Drone  
  112  7:25  Zergling x4  
  112  7:27  Metabolic Boost  
  114  7:33  Overlord  
  114  7:36  Overlord  
  114  7:40  Hatchery  
  114  7:43  Drone  
  114  7:44  Overlord  
  114  7:45  Overlord  
  114  7:51  Overlord  
  114  7:53  Overlord  
  114  7:57  Roach x2  
  114  7:58  Roach  
  120  8:04  Drone  
  120  8:05  Roach  
  120  8:06  Ravager x2, Roach x4  
  120  8:07  Ravager  
  120  8:08  Ravager  
  120  8:11  Roach  
  132  8:14  Roach x2  
  132  8:17  Roach x2  
  132  8:18  Roach  
  143  8:23  Roach  
  143  8:24  Roach  
  143  8:25  Roach  
  143  8:26  Roach  
  151  8:30  Roach  
  151  8:32  Ravager  
  151  8:33  Overlord  
  154  8:37  Overlord  
  154  8:38  Overlord x2  
  154  8:44  Overlord  
  152  8:51  Roach  
  130  8:56  Roach x9  
  130  9:02  Roach  
  132  9:03  Roach  
  132  9:05  Roach  
  132  9:09  Roach x2  
  124  9:10  Roach x3  
  124  9:13  Roach  
  124  9:14  Roach  
  123  9:17  Roach  
  123  9:22  Zerg Missile Weapons Level 2, Zergling x2  
  119  9:28  Roach  
  121  9:31  Grooved Spines  
  121  9:32  Hydralisk  
  121  9:35  Hydralisk  
  121  9:36  Hydralisk  
  127  9:39  Hydralisk  
  127  9:42  Hydralisk  
  127  9:44  Hydralisk  
  133  9:46  Hydralisk  
  133  9:48  Hydralisk  
  137  9:54  Hydralisk  
  137  9:55  Infestation Pit, Zergling x2  
  137  9:57  Zergling x2  
  137  9:59  Zergling x2  
  135  10:00  Roach  
  135  10:04  Hydralisk x2  
  141  10:08  Hydralisk  
  141  10:10  Hydralisk  
  141  10:12  Zergling x2  
  141  10:14  Zergling x2  
  147  10:15  Zergling x2  
  147  10:16  Zergling x2  
  147  10:17  Roach  
  147  10:20  Roach  
  151  10:21  Roach  
  151  10:24  Roach  
  151  10:25  Roach  
  151  10:27  Hydralisk  
  156  10:29  Roach  
  156  10:32  Roach  
  156  10:34  Hydralisk  
  157  10:37  Roach  
  157  10:38  Hydralisk  
  157  10:42  Hydralisk  
  143  10:46  Roach  
  143  10:47  Roach  
  143  10:48  Hydralisk  
  143  10:49  Zergling x2  
  134  10:52  Roach  
  134  10:54  Roach  
  134  10:55  Roach  
  133  10:57  Ravager  
  133  10:58  Zergling x2  
  133  10:59  Roach  
  133  11:04  Roach x2  
  121  11:05  Roach  
  121  11:09  Roach  
  104  11:12  Roach  
  104  11:15  Roach  
  83  11:19  Hydralisk  
  83  11:23  Roach  
  83  11:25  Overseer  
  68  11:29  Roach  
  68  11:32  Overseer  
  61  11:37  Roach  
  61  11:38  Hydralisk, Roach x2  
  66  11:45  Hydralisk  
  64  11:51  Hydralisk  
  62  11:55  Hydralisk  
  62  11:58  Drone  
  62  12:00  Ravager x2  
  62  12:01  Ravager  
  68  12:05  Drone x2  
  70  12:08  Hydralisk  
  70  12:12  Roach  
  70  12:15  Roach  
  76  12:18  Roach  
  76  12:20  Roach  
  80  12:24  Roach, Drone  
  80  12:28  Muscular Augments  
  83  12:30  Hydralisk  
  83  12:36  Roach, Drone  
  83  12:37  Drone  
  89  12:41  Roach  
  91  12:44  Roach  
  91  12:47  Roach  
  91  12:50  Roach  
  97  12:55  Roach  
  97  12:56  Roach  
  97  12:57  Queen  
  93  13:00  Roach  
  93  13:03  Roach  
  88  13:06  Roach  
  88  13:10  Roach  
  75  13:15  Roach  
  75  13:17  Drone  
  78  13:23  Roach  
  78  13:26  Roach  
  72  13:29  Roach  
  72  13:33  Hydralisk  
  59  13:38  Drone  
  59  13:40  Roach  
  64  13:45  Hydralisk  
  66  13:49  Drone  
  66  13:51  Roach  
Show
View Real Time Build Order
Export as new Build Order

SKillous Protoss - Winner!

Build Orders: 1 Gate Expand 

Get SALT Encoding   

  12  0:00  Probe  
  13  0:12  Probe  
  14  0:19  Pylon  
  14  0:25  Probe  
  15  0:29  Assimilator  
  15  0:35  Probe  
  16  0:44  Probe  
  16  0:45  Gateway  
  17  0:53  Probe  
  18  1:05  Probe  
  19  1:17  Probe  
  20  1:25  Nexus  
  20  1:34  Probe  
  20  1:35  Cybernetics Core  
  21  1:42  Probe  
  21  1:45  Assimilator  
  22  1:54  Pylon  
  22  1:55  Probe  
  23  2:04  Sentry  
  23  2:12  Probe  
  23  2:13  Warp Gate  
  26  2:24  Probe  
  26  2:26  Twilight Council  
  27  2:33  Probe  
  27  2:34  Stalker  
  27  2:36  Probe  
  30  2:41  Probe  
  31  2:46  Resonating Glaives  
  31  2:48  Probe  
  33  2:51  Probe  
  34  3:00  Probe  
  34  3:04  Probe, Adept  
  38  3:12  Probe  
  39  3:16  Gateway  
  39  3:18  Gateway  
  39  3:20  Probe  
  39  3:24  Probe  
  41  3:33  Probe, Pylon  
  41  3:34  Adept  
  42  3:37  Probe  
  45  3:44  Robotics Facility  
  45  3:45  Probe  
  46  3:51  Probe  
  47  3:57  Probe, Pylon  
  47  3:58  Assimilator  
  47  4:01  Assimilator  
  48  4:03  Probe  
  48  4:09  Probe  
  50  4:13  Adept x2  
  50  4:15  Probe  
  50  4:16  Adept  
  57  4:20  Pylon  
  57  4:21  Warp Prism  
  57  4:24  Forge  
  57  4:25  Probe  
  57  4:26  Pylon  
  57  4:28  Probe  
  61  4:40  Adept  
  61  4:41  Adept  
  65  4:56  Immortal  
  65  4:58  Nexus  
  65  5:00  Pylon  
  65  5:01  Protoss Ground Weapons Level 1  
  69  5:17  Sentry  
  71  5:22  Sentry, Probe, Pylon  
  71  5:23  Probe  
  73  5:30  Blink  
  73  5:34  Immortal  
  73  5:35  Probe  
  74  5:37  Probe  
  71  5:47  Probe  
  71  5:49  Probe  
  71  5:57  Adept  
  71  5:59  Probe, Adept  
  74  6:06  Gateway  
  74  6:11  Probe  
  73  6:14  Immortal, Probe x2  
  79  6:19  Stalker x3  
  79  6:21  Probe  
  80  6:29  Probe x2  
  78  6:36  Protoss Ground Weapons Level 2  
  78  6:37  Gateway  
  78  6:39  Gateway  
  79  6:40  Gateway  
  79  6:41  Probe  
  79  6:46  Adept x2  
  83  6:47  Probe  
  83  6:48  Probe  
  83  6:53  Probe  
  84  6:59  Probe  
  85  7:04  Probe  
  85  7:05  Gateway  
  85  7:06  Sentry x3, Gateway, Assimilator  
  85  7:07  Sentry  
  94  7:14  Pylon  
  94  7:17  Observer  
  94  7:20  Gateway  
  94  7:21  Pylon  
  95  7:26  Pylon  
  95  7:27  Robotics Bay  
  95  7:29  Sentry x2, Assimilator  
  99  7:30  Stalker  
  99  7:32  Stalker  
  103  7:38  Probe  
  103  7:40  Photon Cannon  
  104  7:45  Stalker x3  
  110  7:56  Stalker  
  110  7:57  Stalker x3  
  118  7:59  Pylon  
  118  8:00  Probe  
  117  8:10  Adept  
  117  8:11  Stalker x3  
  123  8:15  Pylon  
  123  8:16  Pylon  
  123  8:17  Disruptor  
  126  8:25  Zealot x2  
  123  8:35  Probe x2  
  126  8:41  Zealot x4  
  126  8:46  Zealot, Sentry  
  127  8:55  Disruptor  
  123  8:59  Stalker x2  
  98  9:11  Stalker x3  
  98  9:20  Probe  
  92  9:24  Probe  
  92  9:28  Probe  
  93  9:35  Stalker x5  
  103  9:42  Protoss Ground Weapons Level 3  
  103  9:46  Dark Shrine  
  103  9:47  Sentry  
  103  9:48  Sentry  
  103  9:51  Sentry x2  
  111  9:54  Stalker  
  113  10:10  Stalker x5  
  123  10:16  Stalker x2  
  123  10:19  Stalker  
  129  10:21  Charge  
  125  10:38  Zealot x3  
  125  10:40  Zealot x6  
  128  10:47  Zealot  
  128  10:49  Probe  
  102  11:02  Dark Templar  
  102  11:03  Dark Templar x2  
  102  11:05  Dark Templar  
  93  11:13  Probe  
  93  11:16  Probe  
  77  11:25  Probe  
  77  11:28  Warp Prism  
  78  11:42  Zealot x4  
  84  11:57  Dark Templar  
  84  12:01  Archon  
  86  12:03  Nexus  
  86  12:26  Sentry x2, Archon  
  86  12:27  Stalker x3  
  86  12:29  Sentry  
  98  12:31  Sentry  
  98  12:32  Sentry  
  98  12:36  Stalker  
  104  12:43  Stalker  
  102  13:03  Zealot  
  78  13:18  Zealot x8  
  84  13:30  Zealot x2  
  84  13:31  Probe  
  75  13:38  Sentry x4  
  83  13:44  Sentry x3  
  83  13:47  Zealot  
  92  13:50  Stalker  
  92  13:51  Zealot  
  93  14:08  Zealot x3  
  93  14:09  Zealot x2  
Tags
 
Add a new tag
Caveats
  • Supply blocks, unpowered buildings, or Contaminate may cause inaccurate times.
  • Supply counts are checked every 10 seconds.